 Dungeon Crawl Stone Soup version 0.26.1-10-gdfb7c7de75 (webtiles) character file.

Game seed: 12260510507105454175

243 phalm the Vexing (level 5, -9/25 HPs)
             Began as a Spriggan Arcane Marksman on Apr 6, 2021.
             Mangled by Duvessa
             ... wielding a +0 short sword
              (12 damage)
             ... on level 4 of the Dungeon.
             The game lasted 00:09:24 (3094 turns).

phalm the Vexing (Spriggan Arcane Marksman)         Turns: 3094, Time: 00:09:24

Health: -9/25      AC:  2    Str:  6    XL:     5   Next: 82%
Magic:  4/9        EV: 18    Int: 15    God:
Gold:   232        SH:  6    Dex: 17    Spells: 5/8 levels left

rFire    . . .     SeeInvis +   a - +0 hunting sling
rCold    . . .     Faith    .   r - +0 buckler
rNeg     . . .     Spirit   .   e - +0 robe
rPois    .         Reflect  .   (helmet restricted)
rElec    .         Harm     .   (no cloak)
rCorr    .         Rampage  .   (gloves unavailable)
Will     .....                  (boots unavailable)
Stlth    ++........             (no amulet)
HPRegen  0.08/turn              (no ring)
MPRegen  0.11/turn              (no ring)

@: very quick
A: very small, unfitting armour, see invisible, speed 3
a: no special abilities


You were on level 4 of the Dungeon.
You visited 1 branch of the dungeon, and saw 4 of its levels.

You collected 232 gold pieces.

Inventory:

Hand Weapons
 a - a +0 hunting sling (weapon)
 b - a +4 dagger of venom
 u - a +0 rapier
Missiles
 f - 73 stones (quivered ammo)
Armour
 e - a +0 robe (worn)
 r - a +0 buckler (worn)
Jewellery
 v - an uncursed ring of fire
Wands
 s - a wand of polymorph (10)
Scrolls
 g - 10 scrolls of identify {unknown}
 j - 4 scrolls of enchant weapon {unknown}
 k - a scroll of teleportation {unknown}
 l - 2 scrolls of remove curse {unknown}
 n - a scroll of fear {unknown}
 p - a scroll of blinking {unknown}
 q - a scroll of fog {unknown}
 t - a scroll of amnesia {unknown}
Potions
 c - 2 potions of attraction {unknown}
 h - 3 potions of cancellation {unknown}
 i - a potion of berserk rage {unknown}
 m - 2 potions of lignification {unknown}
 o - 3 potions of flight {unknown}


   Skills:
 + Level 1.4 Fighting
 * Level 2.1 Short Blades
 * Level 3.8 Slings
 + Level 3.9 Dodging
 + Level 2.6 Stealth
 * Level 1.1 Shields
 + Level 2.4 Spellcasting
 * Level 4.7 Hexes


You had 5 spell levels left.
You knew the following spells:

 Your Spells              Type           Power        Failure   Level
a - Corona                Hex            16%          4%          1
b - Slow                  Hex            15%          7%          2

Your spell library contained the following spells:

 Spells                   Type           Power        Failure   Level
 Inner Flame              Hex/Fire       8%           36%         3
 Portal Projectile        Hex/Tloc       16%          36%         3
 Cause Fear               Hex            7%           43%         4
 Leda's Liquefaction      Hex/Erth       4%           77%         4


Dungeon Overview and Level Annotations

Branches:
Dungeon (4/15)
 Temple: D:4-7

Altars:
Fedhas

Annotations:
D:4 Dowan, Duvessa


Innate Abilities, Weirdness & Mutations

You are very small and have problems with some larger weapons.
You are too small for most types of armour.
You have supernaturally acute eyesight. (SInv)
You cover ground extremely quickly.


Message History

Aim: Duvessa, wielding a +0 short sword and wearing a +0 leather armour (almost dead, 64% to hit)
You shoot a stone.
The stone hits Duvessa but does no damage.
Duvessa is almost dead.
Dowan gestures at you while chanting.
You easily resist.
Fire: 75 stones
Press: ? - help, Q - select action, (/) - cycle Shift-Dir - straight line, f/p - Duvessa
Aim: Duvessa, wielding a +0 short sword and wearing a +0 leather armour (almost dead, 64% to hit)
You shoot a stone.
The stone hits Duvessa but does no damage.
Duvessa is almost dead.
Fire: 74 stones
Press: ? - help, Q - select action, (/) - cycle Shift-Dir - straight line, f/p - Duvessa
Aim: Duvessa, wielding a +0 short sword and wearing a +0 leather armour (almost dead, 64% to hit)
You shoot a stone. The stone barely misses Duvessa.
Dowan gestures at you while chanting.
You easily resist.
Duvessa hits you with a +0 short sword!
You die...

.## ##...#.........
..######(#####.......
(...#..(### ###...#
#...e.....### ####
##(....(....####
##.....(...e..###
##((..(........##
#......(.......##
#.....(..((.e@..#
#...............#
#...............#
#...............#
#...............#
#..............##
#.............##
#............##


You could see Duvessa and Dowan.

Vanquished Creatures
  A bullfrog (D:3)
  A centaur zombie (D:3)
  A hound (D:3)
  3 adders
  An adder skeleton (D:4)
  2 worms
  2 dart slugs (D:1)
  3 leopard geckos
  An orc (D:3)
  6 giant cockroaches
  10 goblins
  11 hobgoblins
  3 jackals (D:2)
  8 kobolds
  A quokka (D:3)
  3 ball pythons
  5 bats
  4 frilled lizards
  11 rats
77 creatures vanquished.

Notes
Turn   | Place    | Note
-------+----------+-------------------------------------------
     0 | D:1      | phalm the Spriggan Arcane Marksman began the quest for the
                  | Orb.
     0 | D:1      | Reached XP level 1. HP: 9/9 MP: 3/3
   148 | D:1      | Reached XP level 2. HP: 14/14 MP: 3/5
   219 | D:1      | Reached skill level 1 in Fighting
   388 | D:1      | Reached skill level 4 in Hexes
   399 | D:1      | Reached skill level 1 in Stealth
   598 | D:1      | Reached XP level 3. HP: 12/18 MP: 6/6
   882 | D:1      | Reached skill level 1 in Short Blades
  1382 | D:2      | Reached XP level 4. HP: 18/22 MP: 7/7
  1900 | D:3      | Learned a level 2 spell: Slow
  2186 | D:3      | Reached XP level 5. HP: 24/25 MP: 9/9
  2516 | D:3      | Reached skill level 1 in Shields
  2955 | D:4      | Found a blossoming altar of Fedhas.
  2980 | D:4      | Noticed Dowan
  2981 | D:4      | Noticed Duvessa
  3077 | D:4      | HP: 1/25 [Dowan/puff of flame (7)]
  3094 | D:4      | Mangled by Duvessa

Illustrated notes

Levels and vault maps discovered:
D:1:      minmay_arrival_arboretum_small, layout_rooms, minmay_small_reverse_x
D:2:      layout_rooms
D:3:      layout_loops_cross, kennysheep_minor_cross, minivault_19,
          chequers_mini_garden
D:4:      layout_cave_pods, serial_shops, nicolae_shop_behind_doors,
          fedhas_altar_2, uniq_sigmund, uniq_crazy_yiuf_cottage, uniq_duvessa

Skill      XL: |  1  2  3  4  5 |
---------------+----------------+-----
Fighting       | 1 |  1.4
Hexes          | 4 |  4.7
Slings         | 3 |  3.8
Stealth        | 1 2 |  2.6
Short Blades   | 1 2 |  2.1
Spellcasting   | 2 |  2.4
Shields        | 1 |  1.1
Dodging        | |  3.9

Action                   |  1- 3 |  4- 6 || total
-------------------------+-------+-------++-------
Melee: Dagger            |    91 |    77 ||   168
 Fire: Hunting sling     |    46 |    52 ||    98
Throw: Stone             |     2 |       ||     2
 Cast: Corona            |     6 |    14 ||    20
       Slow              |       |     2 ||     2
Evoke: Wand              |       |     1 ||     1
 Stab: Sleeping          |     2 |     5 ||     7
Armor: Robe              |     8 |     3 ||    11
Dodge: Dodged            |    91 |    52 ||   143
Block: Buckler           |       |    16 ||    16
